 Dungeon Crawl Stone Soup version 0.19.0-11-g3fc08b3 (webtiles) character file.

18783 Dekarus the Thaumaturge (level 12, -8/70 HPs)
             Began as a Gargoyle Earth Elementalist on Nov 8, 2016.
             Was a Believer of Vehumet.
             Killed by the air
             ... invoked by Gastronok
              (20 damage)
             ... on level 3 of the Lair of Beasts.
             The game lasted 00:39:31 (15318 turns).

Dekarus the Thaumaturge (GrEE)                     Turns: 15318, Time: 00:39:34

Health: -8/70      AC: 24    Str: 12    XL:     12   Next: 62%
Magic:  29/35      EV: 20    Int: 26    God:    Vehumet [**....]
Gold:   617        SH:  0    Dex: 15    Spells: 6 memorised, 12 levels left

rFire  . . .     SeeInvis +     a - +6 dagger of Jaidd {pierce, *Contam +Rage Int+5 SInv}
rCold  . . .     Gourm    .     c - +2 robe
rNeg   + . .     Faith    .     (no shield)
rPois  ∞         Spirit   .     (no helmet)
rElec  +         Reflect  .     y - +2 cloak
rCorr  .         Harm     .     (no gloves)
MR     .....                    w - +1 pair of boots
Stlth  +++.......               (no amulet)
                                A - ring of magical power
                                o - +6 ring of protection

@: agile, exhausted, slowed, repel missiles, very slow
A: negative energy resistance 1, electricity resistance, unbreathing,
petrification resistance, rot immunity, AC +8
a: Renounce Religion, Evoke Berserk Rage


You were on level 3 of the Lair of Beasts.
You worshipped Vehumet.
Vehumet was pleased with you.
You were not hungry.

You visited 3 branches of the dungeon, and saw 14 of its levels.

You collected 617 gold pieces.

Inventory:

Hand Weapons
 a - the +6 dagger of Jaidd (weapon) {pierce, *Contam +Rage Int+5 SInv}
   (You found it on level 4 of the Dungeon)

   It inflicts extra damage upon your enemies.
   It affects your intelligence (+5).
   It lets you see invisible.
   It lets you go berserk.
   It causes magical contamination when unequipped.
 k - a +3 dagger of venom
 p - a +0 flail of protection
 s - a +0 war axe of flaming
 J - a +3 scimitar of flaming
Missiles
 b - 418 stones (quivered)
 j - a throwing net
Armour
 c - a +2 robe (worn)
 w - a +1 pair of boots (worn)
 y - a +2 cloak (worn)
Jewellery
 o - a +6 ring of protection (left hand)
 z - an uncursed ring of fire {unknown}
 A - a ring of magical power (right hand)
Wands
 n - a wand of acid (0/15)
 u - a wand of flame (15/48)
Scrolls
 g - 2 scrolls of magic mapping
 h - 2 scrolls of recharging
 i - 4 scrolls of remove curse
 x - a scroll of amnesia
 G - a scroll of teleportation
Potions
 l - 3 potions of brilliance
 t - 2 potions of flight
 B - a potion of magic
 I - a potion of mutation {unknown}
Books
 e - a book of Geomancy

   Spells                             Type                      Level
   a - Sandblast                      Earth                        1
   b - Passwall                       Transmutation/Earth          2
   c - Stone Arrow                    Conjuration/Earth            3
   d - Petrify                        Transmutation/Earth          4
   e - Lee's Rapid Deconstruction     Earth                        5
 r - a book of Transfigurations

   Spells                             Type                      Level
   a - Irradiate                      Conjuration/Transmutation    5
   b - Statue Form                    Transmutation/Earth          6
   c - Hydra Form                     Transmutation                6
   d - Dragon Form                    Transmutation                7
 D - a book of Minor Magic

   Spells                             Type                      Level
   a - Magic Dart                     Conjuration                  1
   b - Blink                          Translocation                2
   c - Call Imp                       Summoning                    2
   d - Repel Missiles                 Charms/Air                   2
   e - Slow                           Hexes                        2
   f - Conjure Flame                  Conjuration/Fire             3
   g - Mephitic Cloud                 Conjuration/Poison/Air       3
 F - a book of Party Tricks

   Spells                             Type                      Level
   a - Summon Butterflies             Summoning                    1
   b - Apportation                    Translocation                1
   c - Lesser Beckoning               Translocation                3
   d - Tukima's Dance                 Hexes                        3
   e - Alistair's Intoxication        Transmutation/Poison         5
   f - Invisibility                   Hexes                        6
Comestibles
 d - 9 bread rations
 m - 2 meat rations
 q - 10 slices of pizza
 v - a beef jerky
 K - a chunk of flesh


   Skills:
 + Level 6.1 Fighting
 + Level 5.3 Short Blades
 + Level 6.0 Maces & Flails
 + Level 6.3 Armour
 + Level 5.3 Dodging
 - Level 2.1 Stealth
 * Level 10.3 Spellcasting
 + Level 7.9 Conjurations
 - Level 0.7 Transmutations
 + Level 9.9 Earth Magic
 - Level 3.0 Evocations


You had 12 spell levels left.
You knew the following spells:

 Your Spells              Type           Power        Failure   Level  Hunger
a - Sandblast             Erth           ######       1%          1    None
b - Stone Arrow           Conj/Erth      ######       1%          3    None
c - Lee's Rapid Deconstr  Erth           ######....   1%          5    ####...
d - Irradiate             Conj/Tmut      #####.....   24%         5    ####...
e - Mephitic Cloud        Conj/Pois/Air  ####....     6%          3    None
f - Repel Missiles        Chrm/Air       ##....       10%         2    None


Dungeon Overview and Level Annotations

Branches:
Dungeon (10/15)            Temple (1/1) D:7            Lair (3/6) D:10
  Swamp (0/4) Lair:2       Spider (0/4) Lair:3          Orc (0/2) D:9

Altars:
Ashenzari
Cheibriados
Dithmenos
Elyvilon
Fedhas
Gozag
Hepliaklqana
Kikubaaqudgha
Makhleb
Nemelex Xobeh
Okawaru
Qazlal
Ru
Sif Muna
Trog
Uskayaw
Vehumet
Xom
Yredelemnul
Zin
The Shining One
Jiyva

Annotations:
Lair:3 Gastronok


Innate Abilities, Weirdness & Mutations

You are resistant to torment.
Your stone body is resilient. (AC +8)
You are immune to poison.
You resist negative energy. (rN+)
You are resistant to electric shocks. (rElec)
You can survive without breathing.
You are immune to petrification.
You are immune to rotting.


Message History

Aiming: Stone Arrow
Press: ? - help, Shift-Dir - straight line, f/p - Gastronok
Aim: Gastronok, wearing a glowing hat (severely wounded)
The stone arrow hits Gastronok.
Gastronok is almost dead.
The tarantella completely misses you. The tarantella closely misses you.
Gastronok looks at you and mumbles some strange words.
You barely resist.
Casting: Stone Arrow
Confirm with . or Enter, or press ? or * to list all spells.
Aiming: Stone Arrow
Press: ? - help, Shift-Dir - straight line, f/p - Gastronok
Aim: Gastronok, wearing a glowing hat (almost dead)
The stone arrow hits Gastronok.
Gastronok is almost dead.
The tarantella misses you.
The tarantella bites you but does no damage.
Gastronok waves his eye-stalks in wide circles.
The air twists around and strikes you!
You die...

. ... ##. #.. ...#.^
#.#.. .##### #.>^##
......###.^..#
.........##ws..#
..........#@.#
#...........#.###
#......#...#^.^.##.#
..)....#...........#
#.............).!..+
#..................#
........##.#.....P.#..
.......................
.........#P.P.#.#...#.#


You could see Gastronok and a tarantella.

Vanquished Creatures
  The ghost of Kloppie the Carver, a journeyman DsBe of Trog (Lair:2)
  3 hydras
  Erica (Lair:2)
  An unseen horror (D:10)
  2 hill giants (D:10)
  A black mamba (Lair:1)
  2 spiny frogs (Lair:1)
  2 komodo dragons (Lair:2)
  The ghost of abstractHop the Covered, an amateur MiFi (D:6)
  2 trolls (D:10)
  4 hippogriffs
  3 hogs (D:9)
  3 wyverns
  A vampire (D:9)
  Grum (D:8)
  17 yaks
  A human (D:9)
  2 basilisks (Lair:2)
  A vampire mosquito (Lair:2)
  6 swamp worms
  3 water moccasins
  2 hell hounds (D:10)
  2 porcupines
  An ice beast (D:8)
  3 orc warriors
  3 black bears
  A sky beast (D:8)
  5 necrophages
  5 ogres
  A phantom (D:9)
  3 wolves (D:8)
  6 centaurs
  A crocodile (Lair:1)
  2 big kobolds
  11 bullfrogs
  5 scorpions
  6 killer bees (D:9)
  3 wights (D:6)
  An electric eel (Lair:2)
  3 howler monkeys
  8 crimson imps
  3 bullfrog zombies (D:6)
  6 jellies
  2 bullfrog skeletons
  6 hounds
  2 centaur skeletons (D:4)
  6 orc wizards
  4 orc priests
  2 iguanas
  5 worker ants
  A killer bee zombie (D:5)
  A howler monkey zombie (D:10)
  A worker ant zombie (D:6)
  13 adders
  7 gnolls
  3 shadow imps
  2 oozes
  An adder skeleton (D:5)
  2 worms
  4 dart slugs
  3 leopard geckos
  69 orcs
  3 giant cockroaches
  16 goblins
  6 hobgoblins
  15 jackals
  4 quokkas
  5 ball pythons
  4 bats
  4 frilled lizards
  A giant cockroach zombie (D:5)
  A jackal skeleton (D:5)
  14 kobolds
  A quokka skeleton (D:8)
  6 rats
  A bush (D:6)
354 creatures vanquished.

Vanquished Creatures (others)
  3 fungi
  10 plants
13 creatures vanquished.

Grand Total: 367 creatures vanquished

Notes
Turn   | Place    | Note
-------+----------+-------------------------------------------
     0 | D:1      | Dekarus the Gargoyle Earth Elementalist began the quest for the Orb.
     0 | D:1      | Reached XP level 1. HP: 10/10 MP: 3/3
   325 | D:1      | Reached XP level 2. HP: 15/15 MP: 0/5
  1144 | D:1      | Reached skill level 3 in Spellcasting
  1144 | D:1      | Reached XP level 3. HP: 15/19 MP: 5/7
  1149 | D:1      | Learned a level 3 spell: Stone Arrow
  1440 | D:2      | Found a deep blue altar of Sif Muna.
  1537 | D:2      | Reached skill level 1 in Conjurations
  1676 | D:2      | Reached XP level 4. HP: 22/24 MP: 9/9
  2126 | D:2      | Reached XP level 5. HP: 24/28 MP: 10/10
  2215 | D:3      | Reached skill level 4 in Spellcasting
  2401 | D:3      | Learned a level 5 spell: Lee's Rapid Deconstruction
  2835 | D:3      | Reached XP level 6. HP: 28/32 MP: 12/12
  3068 | D:4      | Reached skill level 5 in Spellcasting
  3068 | D:4      | Reached skill level 5 in Earth Magic
  3428 | D:4      | Found a snail-covered altar of Cheibriados.
  3504 | D:4      | Reached XP level 7. HP: 32/36 MP: 14/14
  3700 | D:4      | Got a slimy dagger
  3701 | D:4      | Identified the +6 dagger of Jaidd {pierce, *Contam +Rage Int+5 SInv} (You found it on level 4 of the Dungeon)
  3878 | D:5      | Entered Level 5 of the Dungeon
  3977 | D:5      | Reached skill level 6 in Spellcasting
  4110 | D:5      | Found a bloodstained altar of Trog.
  4274 | D:5      | Reached XP level 8. HP: 39/41 MP: 17/17
  5116 | D:5      | Found a shimmering altar of Xom.
  5289 | D:5      | Reached skill level 7 in Spellcasting
  5506 | D:6      | Noticed abstractHop's ghost (amateur MiFi)
  5525 | D:6      | Killed abstractHop's ghost
  5525 | D:6      | Reached skill level 1 in Maces & Flails
  5525 | D:6      | Reached skill level 1 in Armour
  5525 | D:6      | Reached skill level 5 in Conjurations
  5873 | D:6      | Reached skill level 1 in Fighting
  5873 | D:6      | Reached skill level 1 in Short Blades
  5963 | D:6      | Found a blossoming altar of Fedhas.
  6015 | D:6      | Reached XP level 9. HP: 47/47 MP: 18/20
  6507 | D:7      | Found an opulent altar of Gozag.
  6620 | D:7      | Found a staircase to the Ecumenical Temple.
  6629 | Temple   | Entered the Ecumenical Temple
  7007 | D:7      | Learned a level 5 spell: Irradiate
  7037 | D:7      | Found a deep blue altar of Sif Muna.
  7327 | D:8      | Found a basalt altar of Yredelemnul.
  7327 | D:8      | Found a hazy altar of Hepliaklqana.
  7415 | D:8      | Reached skill level 8 in Spellcasting
  7420 | D:8      | Reached skill level 1 in Evocations
  7947 | D:8      | Reached XP level 10. HP: 53/55 MP: 22/22
  7992 | D:8      | Noticed Grum
  8026 | D:8      | Killed Grum
  8134 | D:8      | Found a glowing golden altar of the Shining One.
  8878 | D:9      | Found a viscous altar of Jiyva.
  9152 | D:9      | Learned a level 3 spell: Mephitic Cloud
  9155 | D:9      | Learned a level 2 spell: Repel Missiles
  9354 | D:9      | Found a staircase to the Orcish Mines.
  9673 | D:9      | Found a radiant altar of Vehumet.
  9682 | D:9      | Became a worshipper of Vehumet
 10331 | D:10     | Entered Level 10 of the Dungeon
 10361 | D:10     | Reached XP level 11. HP: 61/61 MP: 9/23
 10404 | D:10     | Reached skill level 9 in Spellcasting
 10505 | D:10     | Reached * piety under Vehumet
 10505 | D:10     | Offered knowledge of Sting by Vehumet.
 10670 | D:10     | Found a staircase to the Lair.
 10751 | D:10     | Noticed a hill giant
 11172 | D:10     | Killed a hill giant
 11423 | D:10     | Noticed a hill giant
 11429 | D:10     | Killed a hill giant
 11437 | D:10     | Reached skill level 5 in Armour
 11496 | D:10     | Noticed an unseen horror
 11498 | D:10     | Killed an unseen horror
 11498 | D:10     | Reached skill level 5 in Maces & Flails
 11990 | Lair:1   | Entered Level 1 of the Lair of Beasts
 12419 | Lair:1   | Offered knowledge of Shock by Vehumet.
 12419 | Lair:1   | Reached skill level 5 in Fighting
 12744 | Lair:1   | Reached ** piety under Vehumet
 12872 | Lair:1   | Noticed a four-headed hydra
 12884 | Lair:1   | Killed a four-headed hydra
 13272 | Lair:1   | Found a deep blue altar of Sif Muna.
 13516 | Lair:2   | Reached XP level 12. HP: 58/68 MP: 25/25
 13644 | Lair:2   | Noticed Kloppie's ghost (journeyman DsBe)
 13676 | Lair:2   | Killed Kloppie's ghost
 14046 | Lair:2   | Noticed a four-headed hydra
 14050 | Lair:2   | Killed a four-headed hydra
 14050 | Lair:2   | Reached skill level 5 in Dodging
 14152 | Lair:2   | Noticed Erica
 14160 | Lair:2   | Killed Erica
 14160 | Lair:2   | Reached skill level 5 in Short Blades
 14160 | Lair:2   | Reached skill level 10 in Spellcasting
 14857 | Lair:2   | Found a staircase to the Swamp.
 14867 | Lair:2   | Offered knowledge of Throw Flame by Vehumet.
 15021 | Lair:3   | Noticed a four-headed hydra
 15028 | Lair:3   | Killed a four-headed hydra
 15289 | Lair:3   | Noticed Gastronok
 15291 | Lair:3   | Found a hole to the Spider Nest.
 15309 | Lair:3   | HP: 2/70 [Gastronok (13)]
 15318 | Lair:3   | Killed from afar by Gastronok

Skill      XL: |  1  2  3  4  5  6  7  8  9 10 11 12 |
---------------+-------------------------------------+-----
Spellcasting   | 3 4 5 6 7 8 9 10 | 10.3
Conjurations   | 1 2 3 4 5 6 7 |  7.9
Earth Magic    | 4 5 6 7 8 9 |  9.9
Maces & Flails | 1 2 4 5 6 |  6.0
Armour         | 1 3 4 5 6 |  6.3
Fighting       | 1 2 4 5 6 |  6.1
Short Blades   | 1 2 3 4 5 |  5.3
Dodging        | 2 3 4 5 |  5.3
Evocations     | 1 3 |  3.0
Stealth        | |  2.1
Transmutations | |  0.7

Action                   |  1- 3 |  4- 6 |  7- 9 | 10-12 || total
-------------------------+-------+-------+-------+-------++-------
Melee: Hand axe          |    23 |       |       |       ||    23
       Dagger            |    24 |   203 |   494 |   645 ||  1366
 Cast: Sandblast         |    37 |       |       |     2 ||    39
       Stone Arrow       |       |     5 |    13 |   152 ||   170
       Lee's Rapid Decon |       |       |     4 |     8 ||    12
       Repel Missiles    |       |       |       |     1 ||     1
       Mephitic Cloud    |       |       |       |     2 ||     2
 Abil: Evoke Berserk Rag |       |       |     1 |       ||     1
Evoke: Wand              |       |       |     3 |     2 ||     5
  Use: Scroll            |     4 |     8 |     2 |     9 ||    23
       Potion            |       |       |     5 |     6 ||    11
 Stab: Sleeping          |     1 |     8 |     2 |     2 ||    13
       Confused          |       |       |       |     1 ||     1
  Eat: Chunk             |     3 |     6 |    16 |    21 ||    46
       Beef jerky        |       |       |       |     2 ||     2
       Royal jelly       |       |       |       |     1 ||     1
Armor: Robe              |    31 |   110 |   226 |   305 ||   672
Dodge: Dodged            |    61 |   160 |   303 |   392 ||   916
